 Dungeon Crawl Stone Soup version 0.31.0-12-g77e489cdc1 (webtiles) character file.

Game seed: 16142031513042939774

3148 jagang the Carver (level 9, 0/108 HPs)
             Began as a Human Monk on Feb 27, 2024.
             Was a Believer of Okawaru.
             Succumbed to a killer bee's poison
             ... on level 8 of the Dungeon on Feb 29, 2024.
             The game lasted 00:23:11 (8487 turns).

jagang the Carver (Human Monk)                      Turns: 8487, Time: 00:23:11

Health: 0/108      AC: 18    Str: 10 (12) XL:     9   Next: 93%
Magic:  11/11      EV:  3    Int:  8 (11) God:    Okawaru [**....]
Gold:   1487       SH:  0    Dex: 20 (23) Spells: 8/8 levels left

rFire   . . .        S - +0 scimitar
rCold   . . .        d - orb {light}
rNeg    . . .        T - +0 plate armour
rPois   .            I - +1 hat
rElec   .            f - +1 cloak "Popotadgh" {Will+ Dex+4}
rCorr   .            M - +0 pair of gloves
SInv    .            s - +0 pair of boots
Will    ++...        (no amulet) Stlth
                     (no ring)
HPRegen 0.38/turn    (no ring)
MPRegen 0.12/turn

%: no passive effects
@: mighty, brilliant, berserking, lethally poisoned (0 -> -11), enlightened,
flying, hasted, glowing, very quick
A: explore regen
a: Renounce Religion, Heroism


You were on level 8 of the Dungeon.
You worshipped Okawaru.
Okawaru was pleased with you.
You visited 2 branches of the dungeon, and saw 9 of its levels.
You also visited: Sewer.

You collected 1660 gold pieces.
You spent 173 gold pieces at shops.

Inventory:

Hand Weapons
 S - a +0 scimitar (weapon)
Missiles
 l - 18 poisoned darts
 x - 8 curare-tipped darts
 E - 4 datura-tipped darts
 K - a throwing net
 L - a boomerang
 P - 2 javelins (quivered)
Armour
 d - an orb of light (worn)
 f - the +1 cloak "Popotadgh" (worn) {Will+ Dex+4}
   (You acquired it on level 2 of the Dungeon)

   Dex+4:     It affects your dexterity (+4).
   Will+:     It increases your willpower.
 s - a +0 pair of boots (worn)
 I - a +1 hat (worn)
 M - a +0 pair of gloves (worn)
 R - a +0 buckler
 T - a +0 plate armour (worn)
Wands
 a - a wand of light (8)
 r - a wand of digging (1)
 J - a wand of flame (32)
Scrolls
 e - 2 scrolls of revelation
 k - a scroll of enchant armour
 n - a scroll of blinking
 o - a scroll of amnesia
 p - 2 scrolls of silence {unknown}
 q - a scroll of noise {unknown}
 y - a scroll of butterflies {unknown}
 B - 3 scrolls of vulnerability {unknown}
 C - 3 scrolls of teleportation {unknown}
 D - 6 scrolls of poison {unknown}
 F - 3 scrolls of fog {unknown}
 N - a scroll of fear {unknown}
 O - a scroll of enchant weapon {unknown}
Potions
 b - 2 potions of brilliance
 c - a potion of ambrosia
 g - a potion of degeneration
 h - a potion of berserk rage
 i - 2 potions of magic {unknown}
 m - 2 potions of might
 u - 2 potions of experience {unknown}
 v - 4 potions of enlightenment
 w - 2 potions of cancellation {unknown}
 z - 2 potions of haste
 A - a potion of attraction {unknown}
 G - a potion of heal wounds {unknown}
 H - a potion of mutation {unknown}
 Q - 2 potions of lignification


   Skills:
 + Level 7.1 Fighting
 * Level 9.7 Long Blades
 - Level 2.2 Throwing
 + Level 6.2 Armour
 - Level 3.0 Dodging
 + Level 1.2 Shields
 + Level 2.8 Invocations


You had 8 spell levels left.
You didn't know any spells.
Your spell library contained the following spells:

 Spells                   Type           Power      Damage    Failure   Level
 Shock                    Conj/Air       0%         1d3       100%        1
 Sting                    Conj/Alch      0%         1d3       100%        1
 Mercury Vapours          Alch/Air       0%         N/A       100%        2
 Swiftness                Air            0%         N/A       100%        3
 Airstrike                Air            0%         2d(0-16)  100%        4
 Olgreb's Toxic Radiance  Alch           0%         N/A       100%        4
 Passage of Golubria      Tloc           0%         N/A       100%        4
 Silence                  Hex/Air        0%         N/A       100%        5
 Yara's Violent Unravell  Hex/Alch       0%         3d3       100%        5
 Lehudib's Crystal Spear  Conj/Erth      0%         10d2      100%        8
 Tukima's Dance           Hex            Unusable   N/A       N/A         3

Dungeon Overview and Level Annotations

Branches:
Dungeon (8/15)             Temple (1/1) D:6           Sewer (visited)
   Lair: D:8-11

Altars:
Cheibriados
Dithmenos
Elyvilon
Fedhas
Gozag
Makhleb
Nemelex Xobeh
Okawaru
Qazlal
Ru
Sif Muna
Trog
Uskayaw
Vehumet
Wu Jian
Xom
Zin

Shops:
D:3 :[(*   D:6 *

Annotations:
D:7 1 transporter, Slyph's ghost, novice VSMo


Innate Abilities, Weirdness & Mutations

You regain HP and MP as you explore.


Message History

* * * LOW HITPOINT WARNING * * *
You are poisoned.
The killer bee poisons you!
You feel better. The killer bee stings you.
* * * LOW HITPOINT WARNING * * *
The killer bee stings you but does no damage.
It was a potion of brilliance.
You feel clever all of a sudden. The killer bee stings you!
* * * LOW HITPOINT WARNING * * *
You are poisoned.
The killer bee poisons you!
The killer bee stings you but does no damage.
It was a potion of might.
You feel very mighty all of a sudden.
* * * LOW HITPOINT WARNING * * *
You feel sick.
The killer bee stings you but does no damage. x2
It was a potion of haste.
You feel yourself speed up.
* * * LOW HITPOINT WARNING * * *
You feel sick.
The killer bee stings you but does no damage. x2
It was a potion of degeneration.
There was something very wrong with that liquid.
You feel weakened.
You feel dopey.
You feel clumsy.
You feel sick.
The killer bee stings you but does no damage.
It was a potion of berserk rage.
A red film seems to cover your vision as you go berserk!
You feel yourself moving faster!
You feel mighty!
You feel sick.
The killer bee stings you but does no damage. x2
You barely miss the killer bee.
The killer bee stings you but does no damage.
You miss the killer bee.
You feel sick. The killer bee stings you.
* * * LOW HITPOINT WARNING * * *
You are more poisoned.
The killer bee poisons you!
You slash the killer bee!
The killer bee is heavily wounded.
You die...

## #.. #... .
#...##########..
##......5........
..>...oy.o......
##....#<##......
#... #y##.###.#
.... #yy@.....#
... ####....(..
.. ####### .


You could see 3 killer bees.

Vanquished Creatures
  Pikel (D:7)
  Sigmund (D:3)
  A wyvern (D:6)
  Duvessa (D:7)
  An orc warrior (D:7)
  A sky beast (D:7)
  A black bear (D:5)
  2 centaurs (D:6)
  A phantom (D:4)
  3 kobold brigands
  A bullfrog (D:6)
  6 scorpions
  Dowan (D:7)
  3 killer bees (D:8)
  A gnoll bouda (D:7)
  A bombardier beetle (D:3)
  2 hounds
  4 jellies
  2 orc priests
  A sleepcap (D:7)
  2 iguanas
  9 orc wizards
  Terence (D:2)
  5 gnolls
  11 adders
  A river rat (D:3)
  A shadow imp (D:7)
  4 white imps
  2 ufetubi (D:5)
  4 ribbon worms
  2 dart slugs
  34 orcs
  10 endoplasms
  6 giant cockroaches
  8 goblins
  8 hobgoblins
  2 jackals (D:1)
  21 kobolds
  5 quokkas
  9 ball pythons
  8 bats
  4 frilled lizards
  11 rats
203 creatures vanquished.

Notes
Turn   | Place    | Note
-------+----------+-------------------------------------------
     0 | D:1      | jagang the Human Monk began the quest for the Orb.
     0 | D:1      | Reached XP level 1. HP: 18/18 MP: 1/1
   116 | D:1      | Reached XP level 2. HP: 19/24 MP: 2/2
   248 | D:1      | Reached skill level 1 in Armour
   362 | D:1      | Reached XP level 3. HP: 26/29 MP: 3/3
  1212 | D:2      | Reached skill level 4 in Long Blades
  1212 | D:2      | Reached XP level 4. HP: 35/35 MP: 4/4
  1550 | D:2      | Found a faded altar of an unknown god.
  1689 | D:2      | Noticed Terence
  1700 | D:2      | Killed Terence
  1963 | D:2      | Identified 2 scrolls of acquirement
  1964 | D:2      | Acquired 1250 gold pieces
  1966 | D:2      | Acquired the +1 cloak "Popotadgh" {Will+ Dex+4}
  2006 | D:3      | Found Mofaux's Book Emporium.
  2022 | D:3      | Noticed Sigmund
  2085 | D:3      | Found a glowing drain.
  2089 | Sewer    | Entered a sewer
  2234 | Sewer    | Reached XP level 5. HP: 40/42 MP: 5/5
  2338 | Sewer    | Noticed a kobold brigand
  2338 | Sewer    | Noticed a kobold brigand
  2351 | Sewer    | Killed a kobold brigand
  2363 | Sewer    | Killed a kobold brigand
  2364 | Sewer    | Reached skill level 5 in Long Blades
  2364 | Sewer    | Reached XP level 6. HP: 10/48 MP: 6/6
  2622 | D:3      | Found Ziocya Zare's Armour Emporium.
  2623 | D:3      | Noticed an animated shadow dragon scales
  2623 | D:3      | Noticed an animated pearl dragon scales
  2837 | D:3      | Found Cajeo's Assorted Antiques.
  2858 | D:3      | Bought a bubbling grey potion for 23 gold pieces
  2858 | D:3      | Bought a murky red potion for 23 gold pieces
  2858 | D:3      | Bought a gluggy clear potion for 23 gold pieces
  2858 | D:3      | Bought a scroll labelled USAOSE ZUAZI for 26 gold pieces
  2858 | D:3      | Bought a fuming ruby potion for 23 gold pieces
  2917 | D:3      | Found Puabeg's Antique Weapon Shoppe.
  3200 | D:3      | Killed Sigmund
  3201 | D:3      | Reached skill level 6 in Long Blades
  3201 | D:3      | Reached XP level 7. HP: 31/55 MP: 7/7
  3796 | D:4      | Reached skill level 5 in Fighting
  4150 | D:4      | Found a burning altar of Makhleb.
  4569 | D:4      | Reached skill level 7 in Long Blades
  4569 | D:4      | Reached XP level 8. HP: 52/62 MP: 8/8
  4949 | D:5      | Entered Level 5 of the Dungeon
  5067 | D:5      | Found a shimmering blue altar of Sif Muna.
  5111 | D:5      | Found a shimmering altar of Xom.
  6092 | D:6      | Reached skill level 8 in Long Blades
  6173 | D:6      | Noticed a wyvern
  6182 | D:6      | Killed a wyvern
  6183 | D:6      | Reached skill level 1 in Throwing
  6183 | D:6      | Reached skill level 5 in Armour
  6293 | D:6      | Found a shadowy altar of Dithmenos.
  6378 | D:6      | Reached XP level 9. HP: 56/69 MP: 9/9
  6446 | D:6      | Found a staircase to the Ecumenical Temple.
  6460 | D:6      | Found Nomezet's General Store.
  6465 | Temple   | Entered the Ecumenical Temple
  6487 | Temple   | Became a worshipper of Warmaster Okawaru
  6487 | Temple   | Reached * piety under Okawaru
  6487 | Temple   | Reached ** piety under Okawaru
  6922 | D:6      | Bought a scroll of identify for 22 gold pieces
  6922 | D:6      | Bought a potion of lignification for 33 gold pieces
  7572 | D:7      | Found a snail-covered altar of Cheibriados.
  7583 | D:7      | Noticed Pikel
  7599 | D:7      | Killed Pikel
  7600 | D:7      | Reached skill level 9 in Long Blades
  7600 | D:7      | Reached skill level 1 in Invocations
  7727 | D:7      | Found a stormy altar of Qazlal.
  7736 | D:7      | Noticed Dowan
  7737 | D:7      | Noticed Duvessa
  7762 | D:7      | Killed Duvessa
  7780 | D:7      | Killed Dowan
  8033 | D:7      | Found a transporter.
  8041 | D:7      | Noticed a moth of wrath
  8043 | D:7      | Found a bloodstained altar of Trog.
  8043 | D:7      | Noticed Slyph's ghost (novice VSMo)
  8135 | D:7      | Found an opulent altar of Gozag.
  8285 | D:7      | Reached skill level 1 in Shields
  8344 | D:7      | Found a glowing silver altar of Zin.
  8486 | D:8      | HP: 2/108 [killer bee (5)]
  8487 | D:8      | Succumbed to a killer bee's poison

Illustrated notes

Levels and vault maps discovered:
D:1:      wander_arrival_estate, layout_basic, dreamdust_princess_corridor,
          minmay_hexomino_p4
D:2:      minmay_diamond_boxcup, layout_basic,
          shapermc_ecumenical_altar_mp_vishouse, skrybe_limestone_x,
          minmay_cupped, uniq_terence
D:3:      layout_loops_ring, serial_shops, shop, nicolae_shop_peninsula,
          nicolae_shop_mannequins, nicolae_shop_tiny_glass,
          gup_sewer_entry_bowl, minmay_fractal_squares_diagonal_5, uniq_sigmund
D:4:      layout_loops_ring, bloody_makhleb, serial_forest,
          infiniplex_forest_end_3, infiniplex_forest_lined_1,
          infiniplex_forest_end_3, infiniplex_forest_lined_2,
          infiniplex_forest_end_3, infiniplex_forest_lined_corner,
          infiniplex_forest_end_2, chequers_serial_rivers_micro_a
D:5:      layout_basic, old_standard_altar, kennysheep_little_box
D:6:      layout_basic, nicolae_dithmenos_the_darkroom,
          minmay_temple_entry_glassed_door, serial_shops, shop
D:7:      layout_rooms, pdpol_temple_overflow_zin_treasury_gozag_greed,
          lemuel_tele_altar, lemuel_crystal_altar,
          gammafunk_ghost_wrathful_warriors, uniq_pikel, uniq_duvessa
D:8:      layout_basic, general_overflow_altar, lemuel_crystal_altar,
          lemuel_zombie_altar_yredelemnul,
          nicolae_hepliaklqana_monster_ancestors, cheibrodos_ashenzari_chains,
          ebering_ghost_inner_flame, minmay_misc_feat_rows
Temple:   chequers_temple_sunken

Skill      XL: |  1  2  3  4  5  6  7  8  9 |
---------------+----------------------------+-----
Armour         | 1 2 3 4 5 6 |  6.2
Long Blades    | 4 5 6 7 8 9 |  9.7
Fighting       | 4 5 6 7 |  7.1
Throwing       | 1 2 |  2.2
Invocations    | 2 |  2.8
Shields        | 1 |  1.2
Dodging        | |  3.0

Action                     |  1- 3 |  4- 6 |  7- 9 || total
---------------------------+-------+-------+-------++-------
  Melee: Falchion          |   109 |    76 |       ||   185
         Long sword        |       |    90 |   459 ||   549
         Scimitar          |       |       |    41 ||    41
  Throw: Dart              |       |       |    18 ||    18
         Javelin           |       |       |     1 ||     1
         Throwing net      |       |       |     1 ||     1
 Invoke: Heroism           |       |       |     2 ||     2
  Evoke: Wand              |       |       |     4 ||     4
    Use: Scroll            |       |     8 |     2 ||    10
         Potion            |       |       |    10 ||    10
 Armour: Robe              |    48 |       |       ||    48
         Leather armour    |    11 |    13 |       ||    24
         Chain mail        |       |   154 |   310 ||   464
         Plate armour      |       |       |   115 ||   115
  Dodge: Dodged            |    67 |    83 |   153 ||   303
